 Dungeon Crawl Stone Soup version 0.21.1-1-g345015f (webtiles) character file.

265 kaesh the Cudgeler (level 5, -6/70 HPs)
             Began as a Troll Berserker on Mar 16, 2018.
             Was a Priest of Trog.
             Mangled by an iguana (14 damage)
             ... on level 4 of the Dungeon.
             The game lasted 00:08:17 (2756 turns).

kaesh the Cudgeler (Troll Berserker)                Turns: 2756, Time: 00:08:18

Health: -6/70      AC:  6    Str: 31    XL:     5   Next: 99%
Magic:  4/4        EV: 10    Int:  3    God:    Trog [***...]
Gold:   96         SH:  0    Dex:  7    Spells: 4/4 levels left

rFire    . . .     SeeInvis .   k - +0 flail
rCold    . . .     Gourm    +   (no shield)
rNeg     . . .     Faith    .   b - +1 animal skin
rPois    .         Spirit   .   (helmet restricted)
rElec    .         Reflect  .   (no cloak)
rCorr    .         Harm     .   (gloves unavailable)
MR       .....                  (boots unavailable)
Stlth    ..........             (no amulet)
HPRegen  0.61/turn              (no ring)
MPRegen  0.09/turn              (no ring)

@: berserking, very quick
A: large, unfitting armour, antennae 1, claws 3, clumsy 1, fast metabolism 3,
frail 1, gourmand, regeneration 1, shaggy fur 1, tough skin 2
a: Berserk, Trog's Hand, Burn Spellbooks, Renounce Religion


You were on level 4 of the Dungeon.
You worshipped Trog.
Trog was most pleased with you.
You were very full.

You visited 1 branch of the dungeon, and saw 4 of its levels.

You collected 96 gold pieces.

Inventory:

Hand Weapons
 k - a +0 flail (weapon)
Armour
 b - a +1 animal skin (worn)
Scrolls
 e - a scroll of enchant armour
 g - a scroll of teleportation
 h - 4 scrolls of identify
Potions
 d - a potion of agility
Comestibles
 c - 8 rations
 f - 9 chunks of flesh


   Skills:
 + Level 3.3 Fighting
 + Level 4.5 Maces & Flails
 + Level 3.6 Dodging
 + Level 0.2 Stealth


You had 4 spell levels left.
You didn't know any spells.

Dungeon Overview and Level Annotations

Branches:
Dungeon (4/15)
 Temple: D:4-7

Altars:
Ashenzari
Okawaru
Sif Muna
Trog
Uskayaw


Innate Abilities, Weirdness & Mutations

You are too large for most types of armour.
You have claws for hands.
Your metabolism is lightning-fast.
You like to eat raw meat.
Your natural rate of healing is unusually fast.
You are covered in fur. (AC +1)
You have very tough skin. (AC +2)
You have a pair of small antennae on your head.
You are clumsy. (Dex -2)
You are frail. (-10% HP)


Message History

You closely miss the iguana.
The iguana is lightly wounded.
The iguana closely misses you. The iguana bites you.
You hit the iguana but do no damage.
The iguana is lightly wounded.
The iguana barely misses you.
You barely miss the iguana.
The iguana is lightly wounded.
The iguana bites you!
* * * LOW HITPOINT WARNING * * *
You sock the iguana!
The iguana is heavily wounded.
The iguana bites you!
* * * LOW HITPOINT WARNING * * *
A red film seems to cover your vision as you go berserk!
You feel yourself moving faster!
You feel mighty! The iguana barely misses you.
You closely miss the iguana.
The iguana is heavily wounded.
The iguana bites you!
You die...

#.# . #.##+## ..
#.#...###.
..####......... .
...#.......##
...###.....?....#
................+
#...@l..(..#
#.#.......##
#.##.....##
#.#######.###...##
#.........####+##
##.######.....#.#
#...#####)###.#.#
#......)..#
#.#.####
#...#####.###......


You could see an iguana.

Vanquished Creatures
  A water moccasin skeleton (D:3)
  A bullfrog zombie (D:3)
  An orc wizard (D:4)
  6 adders
  4 worms
  3 leopard geckos
  8 orcs
  6 bats
  7 giant cockroaches
  6 goblins
  6 hobgoblins
  4 jackals (D:3)
  A quokka (D:3)
  2 ball pythons
  2 frilled lizards
  11 kobolds
  11 rats
80 creatures vanquished.

Vanquished Creatures (others)
  A wizard (D:3)
1 creature vanquished.

Grand Total: 81 creatures vanquished

Notes
Turn   | Place    | Note
-------+----------+-------------------------------------------
     0 | D:1      | kaesh the Troll Berserker began the quest for the Orb.
     0 | D:1      | Reached XP level 1. HP: 22/22 MP: 0/0
   259 | D:1      | Reached XP level 2. HP: 29/29 MP: 1/1
   802 | D:2      | Reached skill level 3 in Maces & Flails
   880 | D:2      | Gained mutation: You are clumsy. (Dex -2) [potion of mutation]
   880 | D:2      | Gained mutation: You are frail. (-10% HP) [potion of mutation]
   880 | D:2      | Gained mutation: You have a pair of small antennae on your head. [potion of mutation]
   976 | D:2      | Reached XP level 3. HP: 29/32 MP: 2/2
  1105 | D:2      | Found an iron altar of Okawaru.
  1184 | D:2      | Reached ** piety under Trog
  1184 | D:2      | Reached XP level 4. HP: 38/40 MP: 3/3
  1259 | D:2      | Found a deep blue altar of Sif Muna.
  1380 | D:2      | Found a shattered altar of Ashenzari.
  1928 | D:3      | Reached skill level 4 in Maces & Flails
  1928 | D:3      | Reached XP level 5. HP: 24/47 MP: 4/4
  2118 | D:3      | Found a bloodstained altar of Trog.
  2391 | D:3      | Found a hide-covered altar of Uskayaw.
  2482 | D:3      | Reached *** piety under Trog
  2499 | D:3      | Noticed a wizard
  2502 | D:3      | Killed a wizard
  2756 | D:4      | Mangled by an iguana

Skill      XL: |  1  2  3  4 |
---------------+-------------+-----
Maces & Flails | 3 4 |  4.5
Dodging        | 3 |  3.6
Fighting       | 3 |  3.3
Stealth        | |  0.2

Action                   |  1- 3 |  4- 6 || total
-------------------------+-------+-------++-------
Melee: Mace              |   114 |   141 ||   255
       Flail             |       |    72 ||    72
Invok: Berserk           |     1 |     1 ||     2
       Burn Spellbooks   |       |     1 ||     1
  Use: Scroll            |     4 |     4 ||     8
       Potion            |     2 |     3 ||     5
 Stab: Sleeping          |       |     1 ||     1
  Eat: Chunk             |    18 |    15 ||    33
Armor: Animal skin       |    63 |    80 ||   143
Dodge: Dodged            |    98 |   125 ||   223
